 Dungeon Crawl Stone Soup version 0.25.1-1-g288607f5aa (webtiles) character file.

Game seed: 16020230773867088638

24145 Acheron the Grappler (level 12, -25/113 HPs)
             Began as a Troll Warper on July 23, 2020.
             Was the Champion of Okawaru.
             Annihilated by an enormous slime creature (35 damage)
             ... on level 12 of the Dungeon.
             The game lasted 01:08:15 (12395 turns).

Acheron the Grappler (Troll Warper)                Turns: 12395, Time: 01:08:16

Health: -25/113    AC: 14    Str: 22    XL:     12   Next: 78%
Magic:  15/17      EV: 15    Int: 14    God:    Okawaru [******]
Gold:   562        SH:  5    Dex: 12    Spells: 17/19 levels left

rFire    . . .     SeeInvis .     - Unarmed
rCold    . . .     Gourm    +   (no shield)
rNeg     . . .     Faith    .   H - +0 acid dragon scales
rPois    +         Spirit   .   (helmet restricted)
rElec    .         Reflect  +   g - +2 cloak
rCorr    +         Harm     .   (gloves unavailable)
MR       .....                  (boots unavailable)
Stlth    +++.......             Y - amulet of reflection
HPRegen  0.68/turn              (no ring)
MPRegen  0.15/turn              I - ring "Ogiakics" {rPois Int+4 Stlth-}

@: heroism, marked
A: large, unfitting armour, claws 3, fast metabolism 3, gourmand, regeneration
1, shaggy fur 1, tough skin 3
a: Heroism, Finesse, Renounce Religion


You were on level 12 of the Dungeon.
You worshipped Okawaru.
Okawaru was exalted by your worship.
You were completely stuffed.

You visited 3 branches of the dungeon, and saw 16 of its levels.
You also visited: Ossuary.

You collected 637 gold pieces.
You spent 75 gold pieces at shops.

Inventory:

Hand Weapons
 x - a +4 quick blade
 E - the +7 dagger "Hudejom" {elec, Dex+6 Stlth-}
   (You found it on level 6 of the Dungeon)

   Occasionally, upon striking a foe, it will discharge some electrical energy
   and cause terrible harm.
   It affects your dexterity (+6).
   It makes you less stealthy.
 F - the +0 hand crossbow "Beiryty" {penet, rF- Int+3 Dex+3}
   (Okawaru gifted it to you on level 11 of the Dungeon)

   Ammo fired by it will pass through the targets it hits, potentially hitting
   all targets in its path until it reaches maximum range.
   It affects your intelligence (+3).
   It affects your dexterity (+3).
   It makes you vulnerable to fire.
 G - the +4 whip of the Equator {vorpal, MR+}
   (You found it on level 6 of the Dungeon)

   It inflicts extra damage upon your enemies.
   It affects your resistance to hostile enchantments.
 R - the +7 trident "Jess" {vorpal, +Blink rElec Str+3}
   (You found it on level 9 of the Dungeon)

   It inflicts extra damage upon your enemies.
   It affects your strength (+3).
   It insulates you from electricity.
   It lets you blink.
 T - a +4 vorpal hunting sling
 U - the +8 spear of Sient {protect, +Rage rElec}
   (You found it on level 10 of the Dungeon)

   It grants its wielder temporary protection when it strikes (+7 to AC).
   It insulates you from electricity.
   It lets you go berserk.
Missiles
 a - 5 silver javelins
 d - 7 boomerangs of dispersal
 k - 50 sling bullets
 q - 106 poisoned darts
 v - 188 stones
 B - 22 boomerangs (quivered)
 M - 8 large rocks
Armour
 g - a +2 cloak (worn)
 r - a +0 kite shield
 H - +0 acid dragon scales (worn)
Jewellery
 m - a +6 ring of strength
 I - the ring "Ogiakics" (right claw) {rPois Int+4 Stlth-}
   (You found it on level 6 of the Dungeon)

   [ring of poison resistance]

   It affects your intelligence (+4).
   It protects you from poison.
   It makes you less stealthy.
 Y - an amulet of reflection (around neck)
Wands
 w - a wand of paralysis (9)
 y - a wand of flame (69)
 J - a wand of iceblast (10)
 V - a wand of polymorph (10)
 X - a wand of disintegration (9)
Scrolls
 b - a scroll of identify
 c - 4 scrolls of blinking
 h - 2 scrolls of immolation
 l - 8 scrolls of remove curse
 n - 10 scrolls of teleportation
 o - 3 scrolls of enchant armour
 u - a scroll of enchant weapon
 K - 2 scrolls of fog
 O - a scroll of magic mapping
 Q - 2 scrolls of fear
 S - 2 scrolls of amnesia
Potions
 e - 6 potions of might
 i - a potion of mutation
 j - 2 potions of heal wounds
 p - 5 potions of magic
 s - 6 potions of curing
 t - a potion of brilliance
 z - 2 potions of stabbing
 A - a potion of resistance
 C - a potion of flight
 L - 3 potions of ambrosia
 P - a potion of haste
 W - a potion of lignification
Comestibles
 f - 19 rations
 N - 3 chunks of flesh


   Skills:
 * Level 5.7(10.7) Fighting
 * Level 1.0(6.0) Polearms
 * Level 2.0(7.0) Throwing
 + Level 0.6(5.6) Armour
 * Level 6.8(11.8) Dodging
 * Level 4.4(9.4) Stealth
 * Level 4.6(9.6) Shields
 + Level 10.8(15.8) Unarmed Combat
 * Level 4.4 Spellcasting
 * Level 5.3 Translocations
 * Level 5.9 Invocations
 * Level 4.6 Evocations


You had 17 spell levels left.
You knew the following spells:

 Your Spells              Type           Power        Failure   Level  Hunger
a - Blink                 Tloc           N/A          3%          2    ##.....

Your spell library contained the following spells:

 Spells                   Type           Power        Failure   Level  Hunger
 Gell's Gravitas          Tloc           ###.......   8%          3    ###....
 Lesser Beckoning         Tloc           ###.......   8%          3    ###....
 Teleport Other           Tloc           ###.....     8%          3    ###....
 Shroud of Golubria       Chrm/Tloc      ##....       12%         2    ##.....
 Passage of Golubria      Tloc           N/A          26%         4    ####...
 Irradiate                Conj/Tmut      #.........   99%         5    ######.
 Hydra Form               Tmut           #.........   100%        6    #######
 Statue Form              Tmut/Erth      #........    100%        6    #######
 Dragon Form              Tmut           #.........   100%        7    #######


Dungeon Overview and Level Annotations

Branches:
Dungeon (13/15)            Temple (1/1) D:7             Orc (2/2) D:10
Ossuary (visited)
   Lair: D:8-11         Elf: Orc:2       Vaults: D:13-14

Altars:
Gozag
Kikubaaqudgha
Makhleb
Okawaru
Ru
Uskayaw
Vehumet
Wu Jian
Yredelemnul
The Shining One

Shops:
D:7 ?

Annotations:
D:4 Dowan, Duvessa, Eustachio
D:5 exclusion: upstairs
D:6 Menkaure
D:12 exclusions: downstairs and orange crystal statue


Innate Abilities, Weirdness & Mutations

You are too large for most types of armour.
You have claws for hands.
Your metabolism is lightning-fast.
You like to eat raw meat.
Your natural rate of healing is unusually fast.
You are covered in fur. (AC +1)
You have extremely tough skin. (AC +3)


Message History

You mangle the enormous slime creature!!
The enormous slime creature is moderately wounded.
You gain the combat prowess of a mighty hero.
You mangle the enormous slime creature!!
The enormous slime creature is heavily wounded.
You block the enormous slime creature's attack.
You scratch the enormous slime creature but do no damage.
The enormous slime creature is heavily wounded.
The enormous slime creature hits you!!!
Ouch! That really hurt!
* * * LOW HITPOINT WARNING * * *
You completely miss the enormous slime creature.
The enormous slime creature is heavily wounded.
You scratch the enormous slime creature.
The enormous slime creature is heavily wounded.
The enormous slime creature completely misses you.
You mangle the enormous slime creature!!
The enormous slime creature is heavily wounded.
The enormous slime creature hits you!!
You die...

....#.##.##.#..##
#.
...####...#'##...#
#.
..##[...$...)##..#
..
...####...####...#
##
.#..#.##.##.#..#.#
.##....#.#........
...##.##W##.# #W#
##.##..###..# #J#
#.###..#...####@#
#.# ##..........#
#. ##...####### ..
##### #### ..
..###.###
#.......# #.#
#.#.#
#####รท###.#.##
%....
#.....>......#


You could see an enormous slime creature and a shadow.

Vanquished Creatures
  An ironheart preserver (D:13)
  A hydra (D:11)
  3 centaur warriors
  3 two-headed ogres
  3 ugly things
  2 deep elf magi (D:12)
  A cyclops (D:13)
  Psyche (D:8)
  A centaur skeleton (D:11)
  2 trolls
  2 slime creatures (D:12)
  Prince Ribbit (D:5)
  4 hippogriffs
  A vampire (D:10)
  4 wraiths
  17 yaks
  4 hogs (D:9)
  A human (D:9)
  3 wyverns
  4 hungry ghosts
  A vampire mosquito (D:13)
  Edmund (D:5)
  3 wargs
  An acid dragon (D:13)
  3 sky beasts
  9 orc warriors
  2 necrophages
  5 black bears
  2 ice beasts (D:12)
  2 phantoms
  11 ogres
  9 centaurs
  A big kobold (D:11)
  A wyvern zombie (Ossuary)
  A gnoll sergeant (D:7)
  15 bullfrogs
  A wyvern skeleton (D:9)
  5 scorpions
  A water moccasin skeleton (D:9)
  A wight (D:9)
  5 electric eels (D:12)
  A howler monkey (D:10)
  3 vampire bats (D:7)
  10 crimson imps
  5 bullfrog zombies
  7 orc priests
  3 jellies
  A bullfrog skeleton (D:12)
  2 gnoll shamans
  A hound (D:7)
  10 orc wizards
  3 iguanas
  6 worker ants
  A killer bee zombie (Ossuary)
  4 hound zombies
  11 mummies (Ossuary)
  7 worker ant zombies
  2 howler monkey zombies (Ossuary)
  15 gnolls
  12 adders
  3 shadow imps
  An ooze (D:2)
  9 adder zombies
  3 worms
  2 dart slugs (D:1)
  5 leopard geckos
  64 orcs
  2 bat skeletons (D:7)
  4 bat zombies (D:7)
  4 giant cockroaches
  6 goblins
  13 hobgoblins
  4 jackals
  4 quokkas
  13 bats
  4 frilled lizards
  2 giant cockroach zombies
  14 kobolds
  2 leopard gecko zombies (Ossuary)
  A quokka skeleton (D:6)
  A quokka zombie (Ossuary)
  11 rats
  A withered plant (Ossuary)
416 creatures vanquished.

Vanquished Creatures (others)
  8 plants (D:12)
8 creatures vanquished.

Grand Total: 424 creatures vanquished

Notes
Turn   | Place    | Note
-------+----------+-------------------------------------------
     0 | D:1      | Acheron the Troll Warper began the quest for the Orb.
     0 | D:1      | Reached XP level 1. HP: 19/19 MP: 1/1
   264 | D:1      | Reached XP level 2. HP: 28/28 MP: 3/3
   379 | D:2      | Reached XP level 3. HP: 35/35 MP: 4/4
   391 | D:2      | Learned a level 2 spell: Blink
  1322 | D:2      | Found an iron altar of Okawaru.
  1330 | D:2      | Became a worshipper of Warmaster Okawaru
  1462 | D:2      | Reached XP level 4. HP: 40/42 MP: 5/5
  1731 | D:3      | Reached skill level 1 in Stealth
  2042 | D:3      | Reached skill level 3 in Unarmed Combat
  2135 | D:3      | Reached XP level 5. HP: 47/49 MP: 7/7
  2470 | D:3      | Noticed an ogre
  2482 | D:3      | Killed an ogre
  2566 | D:3      | Found a glowing golden altar of the Shining One.
  2698 | D:4      | Reached XP level 6. HP: 50/57 MP: 8/8
  2728 | D:4      | Reached skill level 1 in Evocations
  2738 | D:4      | Reached * piety under Okawaru
  2748 | D:5      | Entered Level 5 of the Dungeon
  2752 | D:4      | Noticed Eustachio
  2752 | D:4      | Noticed Duvessa
  2752 | D:4      | Noticed Dowan
  3061 | D:6      | Reached skill level 4 in Unarmed Combat
  3061 | D:6      | Reached skill level 1 in Invocations
  3061 | D:6      | Reached XP level 7. HP: 62/66 MP: 9/9
  3105 | D:6      | Noticed Menkaure
  3219 | D:5      | Reached ** piety under Okawaru
  3311 | D:5      | Noticed Edmund
  3447 | D:5      | Noticed Prince Ribbit
  3458 | D:5      | Killed Prince Ribbit
  3458 | D:5      | Reached skill level 5 in Unarmed Combat
  3458 | D:5      | Reached XP level 8. HP: 52/75 MP: 8/10
  3801 | D:6      | Got a warped dagger
  3888 | D:6      | Got a smouldering whip
  3913 | D:6      | Found a sacrificial altar of Ru.
  3957 | D:6      | Got a faintly glowing bronze ring
  3962 | D:6      | Found an ornate altar of the Wu Jian Council.
  4111 | D:5      | Killed Edmund
  4111 | D:5      | Reached *** piety under Okawaru
  4601 | D:6      | Found a burning altar of Makhleb.
  4601 | D:6      | Noticed a balrug
  4621 | D:7      | Reached skill level 6 in Unarmed Combat
  4631 | D:7      | Reached skill level 1 in Throwing
  4748 | D:7      | Reached XP level 9. HP: 83/83 MP: 12/12
  4767 | D:7      | Found a sand-covered staircase.
  4776 | Ossuary  | Entered an ossuary
  5396 | D:7      | Reached skill level 1 in Shields
  5430 | D:7      | Reached **** piety under Okawaru
  5430 | D:7      | Reached skill level 7 in Unarmed Combat
  5440 | D:7      | Found Iguece's Magic Scroll Boutique.
  5449 | D:7      | Bought a scroll of fog for 30 gold pieces
  5449 | D:7      | Bought a scroll of teleportation for 45 gold pieces
  5500 | D:7      | Found an ancient bone altar of Kikubaaqudgha.
  5994 | D:7      | Found a staircase to the Ecumenical Temple.
  6012 | Temple   | Entered the Ecumenical Temple
  6059 | D:8      | Found a basalt altar of Yredelemnul.
  6130 | D:8      | Found a hide-covered altar of Uskayaw.
  6211 | D:9      | Reached XP level 10. HP: 80/92 MP: 13/13
  6248 | D:10     | Entered Level 10 of the Dungeon
  6287 | D:9      | Got a masterwork trident
  6292 | D:9      | Identified the ring "Ogiakics" {rPois Int+4 Stlth-} (You
                  | found it on level 6 of the Dungeon)
  6295 | D:9      | Identified the +4 whip of the Equator {vorpal, MR+} (You
                  | found it on level 6 of the Dungeon)
  6296 | D:9      | Identified the +7 trident "Jess" {vorpal, +Blink rElec
                  | Str+3} (You found it on level 9 of the Dungeon)
  6664 | D:9      | Found an opulent altar of Gozag.
  6700 | D:9      | Noticed a two-headed ogre
  6704 | D:9      | Reached skill level 5 in Dodging
  6704 | D:9      | Reached skill level 8 in Unarmed Combat
  6715 | D:9      | Killed a two-headed ogre
  6715 | D:9      | Reached ***** piety under Okawaru
  6724 | D:9      | Found a radiant altar of Vehumet.
  7524 | D:8      | Noticed Psyche
  7531 | D:8      | Killed Psyche
  8062 | D:10     | Received a gift from Okawaru
  8213 | D:10     | Found a staircase to the Orcish Mines.
  8235 | D:10     | Reached XP level 11. HP: 88/101 MP: 13/15
  8251 | D:10     | Received a gift from Okawaru
  8426 | D:10     | Got a warped spear
  8602 | D:10     | Reached skill level 9 in Unarmed Combat
  9649 | Orc:1    | Entered Level 1 of the Orcish Mines
  9717 | Orc:2    | Entered Level 2 of the Orcish Mines
  9911 | D:11     | Noticed a four-headed hydra
  9920 | D:12     | Noticed a green ugly thing
  9931 | D:12     | Killed a green ugly thing
 10416 | D:11     | Noticed a centaur warrior
 10432 | D:11     | Killed a centaur warrior
 10432 | D:11     | Reached skill level 5 in Fighting
 10442 | D:11     | Reached skill level 5 in Invocations
 10693 | D:11     | Identified the +8 spear of Sient {protect, +Rage rElec}
                  | (You found it on level 10 of the Dungeon)
 10694 | D:11     | Identified the +7 dagger "Hudejom" {elec, Dex+6 Stlth-}
                  | (You found it on level 6 of the Dungeon)
 10751 | D:11     | Killed a four-headed hydra
 10870 | D:11     | Received a gift from Okawaru
 10904 | D:11     | Got an encrusted hand crossbow {god gift}
 11236 | D:12     | Reached skill level 10 in Unarmed Combat
 11310 | D:13     | Noticed a centaur warrior
 11320 | D:13     | Killed a centaur warrior
 11320 | D:13     | Reached XP level 12. HP: 69/111 MP: 17/17
 11469 | D:13     | Noticed a two-headed ogre
 11472 | D:13     | Noticed a centaur warrior
 11481 | D:13     | Killed a two-headed ogre
 11481 | D:13     | Reached skill level 5 in Translocations
 11484 | D:13     | Killed a centaur warrior
 11486 | D:13     | Noticed an ironheart preserver
 11516 | D:13     | HP: 2/111 [ironheart preserver/cursed -3 dire flail (11)]
 11517 | D:13     | Killed an ironheart preserver
 11743 | D:12     | Received a gift from Okawaru
 11743 | D:12     | Reached ****** piety under Okawaru
 11743 | D:12     | Received a gift from Okawaru
 11985 | D:12     | Noticed a two-headed ogre
 11994 | D:12     | Killed a two-headed ogre
 12025 | D:12     | Received a gift from Okawaru
 12217 | D:12     | Reached skill level 1 in Polearms
 12311 | D:12     | Identified the +0 hand crossbow "Beiryty" {penet, rF- Int+3
                  | Dex+3} (Okawaru gifted it to you on level 11 of the
                  | Dungeon)
 12395 | D:12     | Annihilated by an enormous slime creature

Illustrated notes

Levels and vault maps discovered:
D:1:      onia_arrival_mini_spirals, layout_loops_ring, minmay_pentomino_w4
D:2:      layout_basic, nicolae_overflow_crystal_walls,
          nicolae_overflow_hidden_temple
D:3:      layout_loops_corners, nicolae_tso_carved_into_rock, first_ration,
          serial_bayou_lake_a
D:4:      layout_basic, supply_closet_lemuel, uniq_eustachio, uniq_ijyb,
          uniq_duvessa, uniq_sigmund
D:5:      layout_loops_corners, uniq_prince_ribbit1, uniq_edmund
D:6:      layout_rooms, kennysheep_mini_moat, makhleb_altar_promises_db,
          lemuel_coloured_pillars_altar, uniq_menkaure
D:7:      layout_loops_ring, kennysheep_vampire_church, temple_green,
          serial_shops, nicolae_shop_trees,
          nicolae_ossuary_entry_false_entrances
D:8:      layout_loops_corners, lemuel_doored_altar, lemuel_round_altar,
          david_lair_shrubbed, uniq_psyche
D:9:      layout_basic, marbit_many_paths, vehumet_altar_wand_db,
          grunt_livestock
D:10:     layout_roguey, david_orc_1_choice
D:11:     layout_roguey, special_room [special_room_orc]
D:12:     layout_loops_corners, chequers_big_river, minivault_16,
          minmay_fractal_squares_gapless_5
D:13:     layout_cave_pools, skrybe_vaults_entry_preservation, serial_shops,
          bzr_entry_customers
Temple:   minmay_temple_curvy_loop
Orc:1:    layout_diamond_mine
Orc:2:    st_orc_elflike, layout_diamond_mine, david_defended_altar_orc,
          uniq_rupert

Skill      XL: |  1  2  3  4  5  6  7  8  9 10 11 12 |
---------------+-------------------------------------+-----
Dodging        | 2 3 4 5 6 |  6.8
Fighting       | 2 3 4 5 |  5.7
Stealth        | 1 2 3 4 |  4.4
Unarmed Combat | 3 4 5 6 7 8 10 | 10.8
Spellcasting   | 2 3 4 |  4.4
Evocations     | 1 2 3 4 |  4.6
Invocations    | 1 2 3 4 5 |  5.9
Translocations | 3 4 5 |  5.3
Throwing       | 1 2 |  2.0
Shields        | 1 2 3 4 |  4.6
Polearms       | 1 |  1.0
Armour         | |  0.6

Action                   |  1- 3 |  4- 6 |  7- 9 | 10-12 || total
-------------------------+-------+-------+-------+-------++-------
Melee: Unarmed           |   141 |   139 |   430 |   670 ||  1380
       Punch             |       |     1 |    15 |    44 ||    60
       Spear             |       |       |       |    49 ||    49
Throw: Boomerang         |       |     1 |     1 |    10 ||    12
       Javelin           |       |       |     3 |     2 ||     5
       Large rock        |       |       |       |     2 ||     2
Invok: Heroism           |       |       |     6 |    19 ||    25
       Finesse           |       |       |       |     1 ||     1
Evoke: Wand              |       |     1 |       |     5 ||     6
  Use: Scroll            |       |    10 |     9 |    16 ||    35
       Potion            |       |       |     4 |     3 ||     7
 Stab: Sleeping          |     3 |     2 |     6 |       ||    11
       Distracted        |       |       |     1 |     1 ||     2
  Eat: Chunk             |    18 |    15 |    29 |    74 ||   136
       Ration            |       |       |       |     2 ||     2
Armor: Robe              |   100 |    65 |   140 |   169 ||   474
       Acid dragon scale |       |       |       |    39 ||    39
Dodge: Dodged            |    90 |    71 |   188 |   405 ||   754
Block: Other             |       |       |       |    28 ||    28
